 Dungeon Crawl Stone Soup version 0.24.1-4-ge52af88ad5 (webtiles) character file.

Game seed: 3584626290712912969, levelgen mode: deterministic

151 Eitelfritz the Slasher (level 5, -6/47 HPs)
             Began as a Minotaur Chaos Knight on Apr 16, 2020.
             Was a Plaything of Xom.
             Mangled by a komodo dragon (glowing shapeshifter) (23 damage)
             ... on level 3 of the Dungeon.
             The game lasted 00:08:23 (2613 turns).

Eitelfritz the Slasher (Minotaur Chaos Knight)      Turns: 2613, Time: 00:08:24

Health: -6/47      AC:  6    Str: 18    XL:     5   Next: 10%
Magic:  4/4        EV: 12    Int:  9    God:    Xom [..*...]
Gold:   204        SH:  0    Dex:  9    Spells: 4/4 levels left

rFire    . . .     SeeInvis .   a - +0 falchion (chaos)
rCold    . . .     Gourm    .   (no shield)
rNeg     . . .     Faith    .   b - +2 leather armour
rPois    .         Spirit   .   (helmet restricted)
rElec    .         Reflect  .   g - +0 cloak
rCorr    .         Harm     .   (no gloves)
MR       .....                  (no boots)
Stlth    +.........             (no amulet)
HPRegen  0.15/turn              (no ring)
MPRegen  0.09/turn              (no ring)

@: no status effects
A: retaliatory headbutt, horns 2
a: Renounce Religion


You were on level 3 of the Dungeon.
You worshipped Xom.
You were a toy of Xom.
You were not hungry.

You visited 1 branch of the dungeon, and saw 3 of its levels.

You collected 204 gold pieces.

Inventory:

Hand Weapons
 a - a +0 falchion of chaos (weapon)
Missiles
 k - 70 stones (quivered)
Armour
 b - a +2 leather armour (worn)
 g - a +0 cloak (worn)
Jewellery
 d - an uncursed amulet of the gourmand {unknown}
 e - an uncursed ring of protection from magic {unknown}
 l - an uncursed ring of ice {unknown}
 s - an uncursed ring of resist corrosion {unknown}
Scrolls
 h - 2 scrolls of identify {unknown}
 i - 2 scrolls of amnesia {unknown}
 m - 2 scrolls of immolation {unknown}
 n - a scroll of blinking {unknown}
 p - a scroll of fog {unknown}
 r - a scroll of teleportation {unknown}
Potions
 f - 2 potions of heal wounds {unknown}
 j - 3 potions of mutation {unknown}
 o - 2 potions of curing
 q - a potion of flight {unknown}
Comestibles
 c - 7 rations
 t - 2 chunks of flesh


   Skills:
 + Level 4.7 Fighting
 + Level 5.2 Long Blades
 + Level 0.3 Throwing
 + Level 3.4 Armour
 + Level 1.8 Dodging
 + Level 0.6 Stealth


You had 4 spell levels left.
You didn't know any spells.
Your spell library was empty.

Dungeon Overview and Level Annotations

Branches:
Dungeon (3/15)

Altars:


Innate Abilities, Weirdness & Mutations

You reflexively headbutt those who attack you in melee.
You have a pair of horns on your head.


Message History

The yak is moderately wounded.
The yak gores you.
You hit the yak.
The yak is heavily wounded.
The yak gores you but does no damage. The yak gores you!
* * * LOW HITPOINT WARNING * * *
It was a potion of curing.
You feel better. The yak closely misses you. You furiously retaliate!
You headbutt the yak. You hit the yak but do no damage.
The yak goes berserk!
The yak is heavily wounded.
The yak changes into a komodo dragon!
You hit the komodo dragon.
The komodo dragon is lightly wounded.
The komodo dragon closely misses you.
You hit the komodo dragon.
The komodo dragon seems to speed up.
Your headbutt misses the komodo dragon.
The komodo dragon is lightly wounded.
The komodo dragon bites you!!
You die...
Xom howls with laughter!

#.............. #...
............... #...
.....$...........#
#...
.................#
#...
.........(.(.....#
#...
......grK........#
####.
.#..###l##.......#
#.... ... #l##......>#
#.... # #@##.....#.#
#.... #..#####.#.#
#....
#..........######.
##.###.........##.
######...'.........##.
+......###............
######## #.........###
#.........+..
#.[.......###


You could see a komodo dragon shaped shifter, a quokka, a hobgoblin, a kobold
and a frilled lizard.

Vanquished Creatures
  Natasha (twice) (D:2)
  Robin (D:2)
  3 adders
  2 worms
  A dart slug (D:1)
  A leopard gecko (D:1)
  An orc (D:3)
  9 bats
  2 giant cockroaches
  14 goblins
  7 hobgoblins
  A jackal (D:3)
  2 kobolds
  2 quokkas (D:2)
  A frilled lizard (D:1)
  3 rats
52 creatures vanquished.

Notes
Turn   | Place    | Note
-------+----------+-------------------------------------------
     0 | D:1      | Eitelfritz the Minotaur Chaos Knight began the quest for
                  | the Orb.
     0 | D:1      | Reached XP level 1. HP: 19/19 MP: 0/0
    90 | D:1      | XOM: potion effect (agility)
   209 | D:1      | Reached skill level 4 in Long Blades
   209 | D:1      | Reached XP level 2. HP: 23/27 MP: 1/1
   216 | D:1      | You fall into a shaft and drop 1 floor!
   220 | D:2      | Noticed Robin
   376 | D:1      | XOM: harmless Summ miscast
   541 | D:2      | Killed Robin
   541 | D:2      | Reached XP level 3. HP: 27/34 MP: 2/2
   961 | D:1      | XOM: god gift: 6 rations
  1122 | D:1      | XOM: god gift: scroll labeled GIMUIS XAAQUUN {god gift}
  1533 | D:2      | XOM: confuse monster(s)
  1729 | D:2      | Reached XP level 4. HP: 39/41 MP: 3/3
  1890 | D:2      | XOM: scenery: 3 doors close
  2114 | D:2      | Noticed Natasha
  2124 | D:2      | Killed Natasha
  2221 | D:2      | XOM: mild Ice miscast
  2244 | D:2      | Noticed Natasha
  2251 | D:2      | Killed Natasha
  2251 | D:2      | Reached skill level 5 in Long Blades
  2355 | D:2      | XOM: divination: detect items
  2371 | D:2      | XOM: medium Erth miscast
  2417 | D:2      | XOM: silly message
  2448 | D:3      | Reached XP level 5. HP: 38/47 MP: 4/4
  2515 | D:3      | XOM: mild Conj miscast
  2602 | D:3      | Noticed a glowing shapeshifter
  2602 | D:3      | an adder changed into a glowing shapeshifter
  2602 | D:3      | Noticed a lindwurm
  2602 | D:3      | a glowing shapeshifter changed into a lindwurm
  2605 | D:3      | Noticed a wind drake
  2605 | D:3      | a lindwurm changed into a wind drake
  2606 | D:3      | Noticed a yak
  2606 | D:3      | a wind drake changed into a yak
  2611 | D:3      | Noticed a komodo dragon
  2611 | D:3      | a yak changed into a komodo dragon
  2613 | D:3      | Mangled by a komodo dragon (glowing shapeshifter)

Levels and vault maps discovered:
D:1:      minmay_arrival_four_loops, layout_loops_ring, minmay_liquid_box
D:2:      layout_basic, minmay_misc_feat_doors, uniq_robin, uniq_natasha
D:3:      layout_basic, uniq_grinder, uniq_terence, uniq_purgy

Skill      XL: |  1  2  3  4 |
---------------+-------------+-----
Long Blades    | 4 5 |  5.2
Fighting       | 4 |  4.7
Armour         | 3 |  3.4
Throwing       | |  0.3
Dodging        | |  1.8
Stealth        | |  0.6

Action                   |  1- 3 |  4- 6 || total
-------------------------+-------+-------++-------
Melee: Falchion          |    75 |    48 ||   123
       Headbutt          |    11 |     8 ||    19
Throw: Stone             |    16 |       ||    16
  Use: Potion            |       |     1 ||     1
 Stab: Paralysed         |     1 |       ||     1
       Petrifying        |       |     1 ||     1
  Eat: Ration            |     1 |       ||     1
       Chunk             |       |     2 ||     2
Armor: Leather armour    |    33 |    17 ||    50
Dodge: Dodged            |    53 |    33 ||    86
       Rpst.: Falchion   |    15 |     9 ||    24
